 Dungeon Crawl Stone Soup version 0.30.1-4-g462c640d31 (webtiles) character file.

Game seed: 3591341938958600179

15780 arglypuff the Blocker (level 12, -5/107 HPs)
             Began as an Armataur Fighter on Sept 10, 2023.
             Slain by an orc warrior
             ... wielding a +0 halberd
              (9 damage)
             ... on level 1 of the Orcish Mines.
             The game lasted 00:23:30 (13908 turns).

arglypuff the Blocker (Armataur Fighter)           Turns: 13908, Time: 00:23:30

Health: -5/107     AC: 19    Str: 33    XL:     12   Next: 4%
Magic:  12/12      EV:  7    Int:  9    God:
Gold:   672        SH:  0    Dex: 11    Spells: 11/11 levels left

rFire   . . .        C - +6 short sword "Sughota" {drain, Dex+2 Stlth+}
rCold   + . .        L - +1 tower shield {reflect}
rNeg    + . .        n - +1 chain mail "Tiolurig" {rC+ rN+ Slay+2}
rPois   .            E - +0 helmet
rElec   .            (no cloak)
rCorr   .            U - +0 pair of gloves
SInv    .            (no barding)
Will    .....        (no amulet) Stlth
                     F - +6 ring of strength
HPRegen 0.37/turn    v - +4 ring of protection
MPRegen 0.13/turn

%: reflection, roll
@: confused, studying Shields
A: large, rugged brown scales 3, deformed body, armoured tail, roll, long
tongue, awkward tongue, mutation resistance 1
a: no special abilities


You were on level 1 of the Orcish Mines.
You visited 3 branches of the dungeon, and saw 14 of its levels.
You also visited: Bailey.

You collected 672 gold pieces.

Inventory:

Hand Weapons
 B - a +2 dire flail of holy wrath
 C - the +6 short sword "Sughota" (weapon) {drain, Dex+2 Stlth+}
   (You found it on level 2 of the Dungeon)

   Dex:       It affects your dexterity (+2).
   Stlth:     It makes you more stealthy.
 S - a +2 heavy executioner's axe
 Y - a +2 scimitar of flaming
Missiles
 Q - 2 boomerangs (quivered)
Armour
 n - the +1 chain mail "Tiolurig" (worn) {rC+ rN+ Slay+2}
   (You found it on level 2 of the Dungeon)

   Slay:      It affects your accuracy & damage with ranged weapons and melee
   (+2).
   rC:        It protects you from cold.
   rN:        It protects you from negative energy.
 D - the +1 leather armour of the Slug {rElec Str+3}
   (You found it on level 2 of the Dungeon)

   Str:       It affects your strength (+3).
   rElec:     It insulates you from electricity.
 E - a +0 helmet (worn)
 L - a +1 tower shield of reflection (worn)
 U - a +0 pair of gloves (worn)
 X - +0 acid dragon scales
Jewellery
 h - a ring of flight
 m - a +6 ring of dexterity
 v - a +4 ring of protection (right hand)
 F - a +6 ring of strength (left hand)
 V - a ring of positive energy
Wands
 w - a wand of flame (79)
 A - a wand of digging (7)
 M - a wand of iceblast (17)
 Z - a wand of mindburst (2)
Scrolls
 b - a scroll of torment {unknown}
 e - 16 scrolls of identify {unknown}
 i - 2 scrolls of enchant weapon
 l - 2 scrolls of poison
 o - 5 scrolls of teleportation
 q - 2 scrolls of magic mapping
 t - 2 scrolls of amnesia {unknown}
 x - 2 scrolls of blinking {unknown}
 y - 3 scrolls of noise {unknown}
 z - 4 scrolls of immolation {unknown}
 G - a scroll of vulnerability {unknown}
 H - 3 scrolls of fog {unknown}
 J - 3 scrolls of fear {unknown}
 K - 3 scrolls of enchant armour {unknown}
Potions
 d - 2 potions of might
 f - 3 potions of mutation
 g - 5 potions of heal wounds {unknown}
 j - 3 potions of haste {unknown}
 k - 5 potions of curing
 p - 4 potions of flight
 r - 3 potions of attraction {unknown}
 s - 2 potions of berserk rage
 u - 3 potions of degeneration {unknown}
 I - a potion of invisibility {unknown}
 N - a potion of cancellation {unknown}
 O - a potion of brilliance {unknown}
 R - a potion of experience
 T - a potion of ambrosia {unknown}
 W - 2 potions of resistance {unknown}


   Skills:
 + Level 7.1 Fighting
 + Level 8.0(9.1) Short Blades
 + Level 6.7(8.5) Long Blades
 + Level 12.0 Armour
 + Level 3.9 Dodging
 + Level 2.0 Stealth
 + Level 12.5 Shields


You had 11 spell levels left.
You didn't know any spells.
Your spell library contained the following spells:

 Spells                   Type           Power      Damage    Failure   Level
 Apportation              Tloc           0%         N/A       95%         1
 Necrotise                Necr           0%         1d4       95%         1
 Shock                    Conj/Air       0%         1d3       95%         1
 Summon Small Mammal      Summ           0%         N/A       95%         1
 Ensorcelled Hibernation  Hex/Ice        0%         N/A       98%         2
 Passwall                 Tmut/Erth      0%         N/A       98%         2
 Poisonous Vapours        Pois/Air       0%         N/A       98%         2
 Mephitic Cloud           Conj/Pois/Air  0%         N/A       100%        3
 Stone Arrow              Conj/Erth      0%         3d7       100%        3
 Swiftness                Air            0%         N/A       100%        3
 Volatile Blastmotes      Fire/Tloc      0%         2d10      100%        3
 Airstrike                Air            0%         2d(0-16)  100%        4
 Animate Armour           Summ/Erth      0%         N/A       100%        4
 Fulminant Prism          Conj/Hex       0%         3d5       100%        4
 Iskenderun's Mystic Bla  Conj/Tloc      0%         2d3       100%        4
 Passage of Golubria      Tloc           0%         N/A       100%        4
 Petrify                  Tmut/Erth      0%         N/A       100%        4
 Freezing Cloud           Conj/Ice/Air   0%         6-21      100%        5
 Lee's Rapid Deconstruct  Erth           0%         3d4*      100%        5
 Metabolic Englaciation   Hex/Ice        0%         N/A       100%        5
 Silence                  Hex/Air        0%         N/A       100%        5
 Statue Form              Tmut/Erth      0%         N/A       100%        6
 Lehudib's Crystal Spear  Conj/Erth      0%         10d2      100%        8


Dungeon Overview and Level Annotations

Branches:
Dungeon (12/15)            Temple (1/1) D:4            Lair (0/5) D:10
    Orc (1/2) D:10         Bailey (visited)

Altars:
Ashenzari
Cheibriados
Dithmenos
Elyvilon
Fedhas
Gozag
Hepliaklqana
Kikubaaqudgha
Makhleb
Nemelex Xobeh
Okawaru
Qazlal
Ru
Sif Muna
Trog
Uskayaw
Vehumet
Wu Jian
Xom
Yredelemnul
Zin
The Shining One
Jiyva

Shops:
D:1 :   D:3 :   D:6 !   D:10 *   D:11 ?

Annotations:
D:8 3 transporters


Innate Abilities, Weirdness & Mutations

You are completely covered in rugged brown scales. (AC +3, +7% HP)
Armour fits poorly on your strangely shaped body.
You have a long armoured tail.
You roll when moving toward enemies. (Rampage)
Your long tongue fully drains potion bottles. (2x potion effects)
Your tongue gives you trouble enunciating. (1.5x scroll delay)
You are somewhat resistant to further mutation.


Message History

Something hits you but does no damage.
The orc warrior hits you from afar with a +0 halberd.
The orc warrior hits you with a +0 scimitar!
* * * LOW HITPOINT WARNING * * *
Your base Short Blades skill increases to level 8!
You closely miss the orc wizard.
Your tail-slap misses the orc wizard.
The orc wizard hits you but does no damage.
You bump into the rock wall.
Something hits you but does no damage.
You hear some strange, mumbled words.
A puff of flame appears from out of thin air!
The puff of flame hits you.
* * * LOW HITPOINT WARNING * * *
The orc warrior closely misses you. The orc warrior barely misses you.
Something hits you but does no damage. The orc wizard barely misses you.
The orc wizard points at you and mumbles some strange words.
The magic dart hits you but does no damage.
You miss something. Something hits you but does no damage.
You hear some strange, mumbled words.
Something tries to affect you, but you resist.
The orc warrior hits you from afar with a +0 halberd.
* * * LOW HITPOINT WARNING * * *
Something hits you but does no damage.
You hear some strange, mumbled words.
The orc warrior hits you but does no damage.
You closely miss the orc wizard.
Your tail-slap misses the orc wizard.
The orc wizard hits you but does no damage.
Something hits you but does no damage. x2
The orc warrior hits you but does no damage.
Something hits you but does no damage.
The orc warrior hits you with a +0 scimitar.
* * * LOW HITPOINT WARNING * * *
You puncture the orc wizard! You drain the orc wizard.
You kill the orc wizard!
Something hits you but does no damage.
You hear some strange, mumbled words.
A puff of flame appears from out of thin air!
The puff of flame hits you!
* * * LOW HITPOINT WARNING * * *
The orc warrior hits you from afar with a +0 halberd!
You die...

#..................
##...................
......................#
....#.......))).........
.$....$$....).##........
##.......#..)...........
#....$....>....o.......#
#.............{{.......
..............{{@o......
....#..........)##...#..
#....^.......# ..##
##............. ..#
##......##..... ..#
###...###..... #
##..<##.... ##.####. ###


You could see 2 orc warriors.

Vanquished Creatures
  Snorg (D:11)
  Erica (D:11)
  The ghost of Esekla the Thaumaturge, a journeyman DENe of Vehumet (D:11)
  A glowing orange brain (D:11)
  An orc knight (Bailey)
  A manticore (D:11)
  A gargoyle (D:11)
  An unseen horror (D:11)
  3 trolls
  3 hornets
  Grinder (D:4)
  2 slime creatures (D:11)
  4 wyverns (D:10)
  Sigmund (D:4)
  12 yaks (D:10)
  2 wraiths
  Eustachio (D:4)
  Grum (D:11)
  Menkaure (D:6)
  2 steam dragons
  Edmund (D:4)
  2 acid dragons (D:11)
  3 water moccasins (D:10)
  7 black bears
  18 orc warriors
  A sky beast (D:7)
  2 ice beasts (D:7)
  3 ogres
  5 wolves
  4 centaurs
  A phantom (D:6)
  Blork the orc (D:4)
  4 bullfrogs
  A kobold brigand (D:6)
  2 gnoll sergeants
  5 scorpions
  3 wights (D:8)
  The ghost of turdburglar the Ruffian, a weakling MiTm (D:3)
  6 killer bees (D:9)
  2 howler monkeys
  An iron imp (D:8)
  3 jellies
  3 hounds
  7 orc priests
  5 iguanas
  3 sleepcaps
  6 orc wizards
  Robin (D:4)
  6 adders
  10 gnolls
  3 ufetubi
  A worm (D:2)
  3 dart slugs
  59 orcs
  11 ball pythons
  7 endoplasms
  4 giant cockroaches
  7 hobgoblins
  16 jackals
  4 quokkas
  7 bats
  A frilled lizard (D:1)
  25 goblins
  19 kobolds
  5 rats
330 creatures vanquished.

Vanquished Creatures (others)
  An orc wizard (Orc:1)
1 creature vanquished.

Grand Total: 331 creatures vanquished

Notes
Turn   | Place    | Note
-------+----------+-------------------------------------------
     0 | D:1      | arglypuff the Armataur Fighter began the quest for the Orb.
     0 | D:1      | Reached XP level 1. HP: 19/19 MP: 1/1
    98 | D:1      | Reached XP level 2. HP: 26/26 MP: 2/2
   202 | D:1      | Found Decaepsom's Book Shoppe.
   429 | D:1      | Reached XP level 3. HP: 26/33 MP: 3/3
  1221 | D:2      | Identified the +6 short sword "Sughota" {drain, Dex+2
                  | Stlth+}
  1235 | D:2      | Identified the +1 leather armour of the Slug {rElec Str+3}
  1289 | D:2      | Identified the +1 chain mail "Tiolurig" {rC+ rN+ Slay+2}
  1490 | D:2      | Found a faded altar of an unknown god.
  1598 | D:3      | Found a runed translucent door.
  1598 | D:3      | Noticed turdburglar's ghost (weakling MiTm)
  1614 | D:3      | Noticed an ogre
  1637 | D:2      | Reached XP level 4. HP: 40/40 MP: 4/4
  1686 | D:3      | Noticed a walking earthen tome
  1727 | D:3      | Found a sparkling altar of Nemelex Xobeh.
  1755 | D:3      | Killed an ogre
  1756 | D:3      | Reached XP level 5. HP: 38/48 MP: 5/5
  1839 | D:3      | Reached skill level 5 in Armour
  2006 | D:3      | Found Immuh's Book Shop.
  2007 | D:3      | Noticed a walking crystal tome
  2292 | D:3      | Killed turdburglar's ghost
  2360 | D:4      | Reached XP level 6. HP: 18/54 MP: 6/6
  2609 | D:4      | Found a staircase to the Ecumenical Temple.
  2615 | D:4      | Noticed Eustachio
  2652 | Temple   | Entered the Ecumenical Temple
  2828 | D:4      | Killed Eustachio
  2829 | D:4      | Reached skill level 1 in Dodging
  2928 | D:4      | Reached XP level 7. HP: 62/62 MP: 7/7
  3312 | D:4      | Noticed Robin
  3360 | D:4      | Killed Robin
  3637 | D:4      | Noticed Blork the orc
  3639 | D:4      | Noticed Grinder
  3663 | D:4      | Killed Blork the orc
  3680 | D:4      | Paralysed by Grinder for 4 turns
  3686 | D:4      | Killed Grinder
  3687 | D:4      | Reached skill level 5 in Long Blades
  3993 | D:4      | Noticed Edmund
  4009 | D:4      | Killed Edmund
  4299 | D:4      | Noticed Sigmund
  4317 | D:4      | Killed Sigmund
  4318 | D:4      | Reached XP level 8. HP: 53/70 MP: 8/8
  4538 | D:5      | Entered Level 5 of the Dungeon
  4554 | D:5      | Found a basalt altar of Yredelemnul.
  4638 | D:5      | Reached skill level 5 in Shields
  4690 | D:5      | Found a blossoming altar of Fedhas.
  4718 | D:5      | Reached skill level 1 in Stealth
  4752 | D:5      | Reached skill level 1 in Short Blades
  5002 | D:5      | Found an opulent altar of Gozag.
  5911 | D:6      | Noticed Menkaure
  5922 | D:6      | Killed Menkaure
  5923 | D:6      | Reached XP level 9. HP: 64/77 MP: 9/9
  5975 | D:6      | Found Fadarof's Distillery.
  6077 | D:6      | Found an ancient bone altar of Kikubaaqudgha.
  6345 | D:6      | Noticed a troll
  6371 | D:6      | Killed a troll
  6451 | D:6      | Reached skill level 5 in Fighting
  7263 | D:7      | Found a broken altar of Ashenzari.
  7969 | D:8      | Found a transporter.
  7995 | D:8      | Found a transporter.
  8093 | D:8      | Reached skill level 5 in Short Blades
  8093 | D:8      | Reached XP level 10. HP: 86/86 MP: 10/10
  8432 | D:8      | Found a glowing golden altar of the Shining One.
  8545 | D:8      | Reached skill level 10 in Armour
  8589 | D:8      | You fall into a shaft and drop 1 floor!
  8608 | D:8      | Found a transporter.
  8643 | D:8      | Found a transporter.
  8963 | D:8      | Found a burning altar of Makhleb.
  9465 | D:9      | Identified the +5 short sword of Inconvenience {heavy,
                  | Dex+4}
  9537 | D:9      | Found a white marble altar of Elyvilon.
  9676 | D:10     | Entered Level 10 of the Dungeon
  9726 | D:10     | Found a staircase to the Orcish Mines.
  9826 | D:10     | HP: 3/88 [yak (5)]
  9841 | D:10     | Gained mutation: You are somewhat resistant to further
                  | mutation. [potion of mutation]
  9843 | D:10     | Found a flagged portal.
  9850 | Bailey   | Entered a bailey
 10219 | Bailey   | Reached XP level 11. HP: 36/95 MP: 11/11
 10544 | Bailey   | Noticed an orc knight
 10557 | Bailey   | Killed an orc knight
 10848 | D:10     | Found Dylexef's Demolitions Depot.
 11133 | D:10     | Found a staircase to the Lair.
 11481 | D:10     | Reached skill level 10 in Shields
 12252 | D:11     | Noticed Erica
 12277 | D:11     | Killed Erica
 12543 | D:11     | Found a runed translucent gate.
 12543 | D:11     | Found a runed translucent gate.
 12543 | D:11     | Found a runed translucent gate.
 12551 | D:11     | Noticed a glowing orange brain
 12551 | D:11     | Noticed Esekla's ghost (journeyman DENe)
 12615 | D:11     | Noticed Snorg
 12643 | D:11     | Killed Snorg
 13040 | D:11     | Found Aggyewn's Magic Scroll Shoppe.
 13050 | D:11     | Noticed Grum
 13055 | D:11     | Killed Grum
 13539 | D:11     | Found a viscous altar of Jiyva.
 13623 | D:11     | Killed a glowing orange brain
 13689 | D:11     | Killed Esekla's ghost
 13690 | D:11     | Reached XP level 12. HP: 71/107 MP: 12/12
 13854 | Orc:1    | Entered Level 1 of the Orcish Mines
 13908 | Orc:1    | HP: 4/107 [something/puff of flame (7)]
 13908 | Orc:1    | Slain by an orc warrior

Illustrated notes

Levels and vault maps discovered:
D:1:      sevenhm_arrival_forest_fort_large_2, layout_basic, serial_shops, shop,
          minmay_splitting_lines
D:2:      layout_basic, shapermc_ecumenical_altar_hornbeckon
D:3:      layout_basic, nemelex_xobeh_ov_fountains_minmay,
          hellmonk_ghost_happy_afterlife, serial_shops, nicolae_shop_mannequins
D:4:      layout_layer_cave, minmay_temple_entry_trees,
          hangedman_decor_clover_reticule, sigmund_edmund_badplayer,
          uniq_blork_the_orc, uniq_grinder, uniq_eustachio, uniq_robin
D:5:      layout_gridville, lemuel_coloured_pillars_altar,
          kennysheep_little_box, old_standard_altar, uniq_sigmund
D:6:      minmay_clustersquares, layout_basic, kiku_gazebo_garden_becter,
          serial_shops, nicolae_shop_tiny_statue_garden, roderic_roman_lattice,
          minmay_misc_feat_diagonals, uniq_menkaure
D:7:      layout_loops_cross, ashenzari_conservatory_becter
D:8:      layout_basic, mainiacjoe_overflow_paths, makhleb_grotto_becter,
          nicolae_transporter_intersection
D:9:      layout_big_octagon, mainiacjoe_overflow_alcove_4,
          minmay_variable_closet
D:10:     layout_grid_maze, minmay_lair_entry_grove, orc_0_dummy,
          enter_bailey_3, special_room [special_room_orc],
          nicolae_blasting_shop, nicolae_titane
D:11:     layout_basic, gammafunk_ghost_ooze, nicolae_inconvenience_store,
          nicolae_straight_to_the_point, uniq_snorg, uniq_erica, uniq_grum
D:12:     layout_basic, hex_tiny
Temple:   compressed_dpeg_triangle_lava_temple
Orc:1:    layout_caves, uniq_fannar, uniq_josephine, uniq_urug

Skill      XL: |  1  2  3  4  5  6  7  8  9 10 11 12 |
---------------+-------------------------------------+-----
Fighting       | 3 4 5 6 7 |  7.1
Long Blades    | 2 3 4 5 6 |  6.7
Armour         | 4 5 7 8 9 10 12 | 12.0
Shields        | 4 5 6 8 12 | 12.5
Dodging        | 1 2 3 |  3.9
Stealth        | 1 2 |  2.0
Short Blades   | 2 5 6 7 8 |  8.0

Action                     |  1- 3 |  4- 6 |  7- 9 | 10-12 || total
---------------------------+-------+-------+-------+-------++-------
  Melee: Long sword        |   158 |   123 |   131 |       ||   412
         Tailslap          |    13 |    19 |    62 |   115 ||   209
         Short sword       |       |       |   255 |   640 ||   895
    Use: Scroll            |       |       |       |     4 ||     4
         Potion            |       |       |       |     4 ||     4
 Armour: Scale mail        |    69 |       |       |       ||    69
         Chain mail        |    20 |   107 |   255 |   310 ||   692
  Dodge: Dodged            |    67 |    56 |   117 |   157 ||   397
  Block: Buckler           |    32 |    30 |    74 |       ||   136
         Tower shield      |       |       |    43 |   532 ||   575
         Reflection        |       |       |       |    54 ||    54
